 Dungeon Crawl Stone Soup version 0.14-a0-2080-ge317583 (webtiles) character file.

325 HollowCharge the Skirmisher (level 5, -1/47 HPs)
             Began as a Draconian Fighter on Jan 25, 2014.
             Slain by a big kobold
             ... wielding a +0,+3 orcish whip
              (4 damage)
             ... in a sewer.
             The game lasted 00:11:34 (2513 turns).

HollowCharge the Skirmisher (Draconian Fighter)     Turns: 2513, Time: 00:11:34

HP  -1/47        AC  7     Str 19      XL: 5   Next: 65%
MP   5/5         EV 17     Int  6 (8)  God:
Gold 104         SH 20     Dex 16      Spells:  0 memorised,  4 levels left

rFire  . . .     SeeInvis .     a - +0 falchion
rCold  . . .     Clarity  .     (armour unavailable)
rNeg   . . .     Conserve .     c - +0 shield
rPois  .         rCorr    .     (helmet restricted)
rElec  .         rRot     .     (no cloak)
SustAb . .       Spirit   .     b - +0 pair of gloves
rMut   .         Warding  .     d - +0 pair of boots
Saprov . . .     Stasis   .     (no amulet)
MR     .....                    (no ring)
                                (no ring)

@: agile, not resistant to hostile enchantments, stealthy
A: unfitting armour, AC +5
a: no special abilities


You were in a sewer.
You were not hungry.

You visited 1 branch of the dungeon, and saw 3 of its levels.
You also visited: Sewer.

You collected 104 gold pieces.

Inventory:

Hand weapons
 a - a +0,+0 falchion (weapon)
Armour
 b - a +0 pair of gloves (worn)
 c - a +0 shield (worn)
 d - a +0 pair of boots (worn)
Comestibles
 f - 6 bread rations
 u - 2 meat rations
 w - a chunk of worm flesh
Scrolls
 e - a scroll of random uselessness {unknown}
 g - a scroll of immolation {unknown}
 h - a scroll of recharging {unknown}
 i - 2 scrolls of teleportation {unknown}
 k - 4 scrolls of identify {unknown}
 n - a scroll of curse jewellery {unknown}
 o - a scroll of blinking {unknown}
 q - 2 scrolls of magic mapping {unknown}
 r - a scroll of fear {unknown}
 s - 2 scrolls of remove curse {unknown}
 v - a scroll of fog {unknown}
Potions
 j - a potion of degeneration
 p - a potion of berserk rage {unknown}
 t - 2 potions of confusion {unknown}
 x - 2 potions of flight {unknown}


   Skills:
 + Level 4.3 Fighting
 * Level 3.7 Long Blades
 + Level 3.6 Dodging
 + Level 4.0 Shields


You had 4 spell levels left.
You didn't know any spells.

Dungeon Overview and Level Annotations

Branches:
Dungeon (3/16)

Altars:
Ashenzari
Trog


Message History

You hit the big kobold. You tail-slap the big kobold.
The big kobold is heavily wounded.
The big kobold completely misses you.
You closely miss the big kobold.
Your tail-slap misses the big kobold.
The big kobold is heavily wounded.
The big kobold hits you with an orcish whip.
* * * LOW HITPOINT WARNING * * *
You block the big kobold's attack.
You slash the big kobold!
The big kobold is almost dead.
You block the big kobold's attack.
The big kobold hits you with an orcish whip.
* * * LOW HITPOINT WARNING * * *
Your shield prevents you from hitting the big kobold.
The big kobold is almost dead.
The big kobold closely misses you. The big kobold completely misses you.
Your shield prevents you from hitting the big kobold.
The big kobold is almost dead.
The big kobold hits you with an orcish whip.
You die...

##### ##### ##≈.≈##
##..≈##
#.....#####≈≈≈..#####..≈#
#...≈.%≈≈≈≈≈≈..)K.....≈.#
#≈.≈..#####...≈@#####.!≈#
##≈≈.## ##.≈.## ##≈##
##≈## #≈# #≈# #≈# #≈#
##≈## ##≈## ##≈≈.##
##..≈## ≈
##.∩.≈.#####≈..≈.####....≈
≈≈≈≈∩.≈≈≈≈≈≈≈.≈..)≈≈≈≈..≈.


You could see a big kobold.

Vanquished Creatures
  A big kobold (Sewer)
  A hound skeleton (D:3)
  3 adders (D:3)
  2 giant mites (D:3)
  2 worms
  7 grey rats
  A ball python (D:1)
  10 bats
  2 giant cockroaches
  10 goblins
  4 hobgoblins
  11 jackals
  2 kobolds
  3 giant geckos
  A giant newt (D:3)
  10 rats
70 creatures vanquished.

Notes
Turn   | Place    | Note
--------------------------------------------------------------
     0 | D:1      | HollowCharge, the Draconian Fighter, began the quest for the Orb.
     0 | D:1      | Reached XP level 1. HP: 19/19 MP: 1/1
   200 | D:1      | Reached XP level 2. HP: 26/26 MP: 2/2
   813 | D:2      | Reached XP level 3. HP: 33/33 MP: 3/3
   825 | D:2      | Found a bloodstained altar of Trog.
  1167 | D:2      | Found a shattered altar of Ashenzari.
  1397 | D:3      | Reached skill level 4 in Fighting
  1397 | D:3      | Reached XP level 4. HP: 30/40 MP: 4/4
  2283 | D:3      | Found a glowing drain.
  2287 | Sewer    | Entered a sewer
  2394 | Sewer    | Reached XP level 5. HP: 46/46 MP: 5/5
  2469 | Sewer    | Noticed a big kobold
  2469 | Sewer    | Noticed a big kobold
  2491 | Sewer    | HP: 1/46 [big kobold/orcish whip (4)]
  2496 | Sewer    | HP: 1/46 [big kobold/runed short sword (3)]
  2499 | Sewer    | Killed a big kobold
  2513 | Sewer    | Slain by a big kobold

Action                   |  1- 3 |  4- 6 || total
-------------------------+-------+-------++-------
Melee: Falchion          |   144 |   168 ||   312
  Use: Potion            |       |     5 ||     5
